General information
- name: BNet
- type: Ladder team game (AT/RT)
- host: Battle.net
- saver: o[1]o
map: Highperch
- players: 6
- length: 167:34
- speed: Fast
- version: 1.23 W3XP
- replay type: Public
» download(643 KB)
Players
team 1 (winner)
Bloodnamed (
pink | 51 APM | 8629 actions | 167:33)
6 Death Knight
3 Death Coil
2 Unholy Aura
1 Animate Dead
4 Lich
2 Frost Nova
2 Frost Armor
1 Blademaster
1 Wind Walk
» actions
| Assign group hotkey | 44 | |
| Basic commands | 243 | |
| Build / train | 68 | |
| ESC pressed | 3 | |
| Enter build submenu | 31 | |
| Enter hero's abilities submenu | 12 | |
| Give item / drop item | 13 | |
| Remove unit from queue | 2 | |
| Right click | 5243 | |
| Select / deselect | 1622 | |
| Select group hotkey | 933 | |
| Use ability | 413 | |
8629 total
» units
| Acolyte | 2 | |
| Ghoul | 7 | |
| Gargoyle | 7 | |
| Frost Wyrm | 10 | |
| Banshee | 1 | |
27 total
» upgrades
| Unholy Strength | 1 | |
| Unholy Armor | 2 | |
| Banshee Training | 2 | |
| Creature Carapace | 3 | |
| Stone Form | 1 | |
| Creature Attack | 1 | |
| Freezing Breath | 1 | |
11 total
» buildings
| Crypt | 3 | |
| Ziggurat | 9 | |
| Altar of Darkness | 1 | |
| Tomb of Relics | 1 | |
| Nerubian Tower | 2 | |
| Graveyard | 1 | |
| Halls of the Dead | 2 | |
| Black Citadel | 1 | |
| Sacrificial Pit | 1 | |
| Boneyard | 1 | |
| Spirit Tower | 4 | |
| Temple of the Damned | 1 | |
| Great Hall | 1 | |
| Necropolis | 1 | |
| Voodoo Lounge | 1 | |
| Stronghold | 1 | |
| Altar of Storms | 2 | |
| Fortress | 1 | |
34 total
» build order
00:15 Crypt
00:18 Ziggurat
00:34 Altar of Darkness
00:54 Tomb of Relics
01:11 Nerubian Tower
01:53 Graveyard
03:06 Ziggurat
04:35 Halls of the Dead
05:24 Crypt
05:25 Crypt
05:50 Ziggurat
06:03 Ziggurat
06:56 Black Citadel
07:33 Sacrificial Pit
09:20 Boneyard
10:18 Nerubian Tower
10:20 Spirit Tower
10:34 Temple of the Damned
11:05 Ziggurat
11:06 Ziggurat
11:13 Ziggurat
11:20 Ziggurat
13:39 Spirit Tower
13:40 Spirit Tower
13:52 Ziggurat
21:03 Spirit Tower
27:48 Great Hall
29:31 Necropolis
30:31 Voodoo Lounge
30:40 Stronghold
31:42 Halls of the Dead
31:54 Altar of Storms
33:29 Altar of Storms
35:51 Fortress
» items
| Rod of Necromancy | 1 | |
| Orb of Corruption | 1 | |
| Scroll of Town Portal | 1 | |
3 total
KTRON (
red | 34 APM | 5688 actions | 167:33)
6 Warden
3 Shadow Strike
1 Blink
1 Spirit of Vengeance
1 Fan of Knives
» actions
| Assign group hotkey | 26 | |
| Build / train | 67 | |
| ESC pressed | 4 | |
| Enter build submenu | 17 | |
| Enter hero's abilities submenu | 8 | |
| Give item / drop item | 4 | |
| Remove unit from queue | 2 | |
| Right click | 3342 | |
| Select / deselect | 382 | |
| Select group hotkey | 1731 | |
| Use ability | 104 | |
5688 total
» units
| Wisp | 27 | |
| Druid of the Talon | 16 | |
| Hippogryph | -1 | |
42 total
» upgrades
| Ultravision | 1 | |
| Strength of the Wild | 3 | |
| Reinforced Hides | 3 | |
| Druid of the Talon Training | 2 | |
| Mark of the Talon | 1 | |
10 total
» buildings
| Altar of Elders | 1 | |
| Moon Well | 4 | |
| Tree of Ages | 1 | |
| Hunter's Hall | 1 | |
| Ancient of Wind | 2 | |
| Tree of Life | 3 | |
| Ancient Protector | 3 | |
| Tree of Eternity | 1 | |
16 total
» build order
00:41 Altar of Elders
00:48 Moon Well
04:15 Tree of Ages
05:16 Moon Well
05:37 Moon Well
06:27 Hunter's Hall
06:41 Ancient of Wind
07:49 Ancient of Wind
08:12 Tree of Life
08:30 Ancient Protector
08:35 Ancient Protector
08:57 Ancient Protector
11:06 Tree of Eternity
12:04 Tree of Life
16:04 Moon Well
23:37 Tree of Life
» items
| Orb of Fire | 1 | |
| Tiny Great Hall | 1 | |
| Staff of Teleportation | 1 | |
3 total

»
o[1]o (
yellow | 31 APM | 5136 actions | 167:34)
4 Archmage
2 Blizzard
2 Brilliance Aura
2 Warden
2 Blink
» actions
| Assign group hotkey | 42 | |
| Basic commands | 10 | |
| Build / train | 179 | |
| ESC pressed | 5 | |
| Enter build submenu | 104 | |
| Enter hero's abilities submenu | 8 | |
| Give item / drop item | 7 | |
| Right click | 2891 | |
| Select / deselect | 1173 | |
| Select group hotkey | 201 | |
| Use ability | 516 | |
5136 total
» units
| Peasant | 30 | |
| Mortar Team | 8 | |
| Dragonhawk Rider | 13 | |
| Sorceress | 5 | |
56 total
» upgrades
| Masonry | 3 | |
| Lumber Harvesting | 1 | |
| Sorceress Training | 2 | |
| Magic Sentry | 1 | |
| Flare | 1 | |
8 total
» buildings
| Lumber Mill | 1 | |
| Altar of Kings | 1 | |
| Farm | 9 | |
| Scout Tower | 82 | |
| Guard Tower | 79 | |
| Keep | 3 | |
| Town Hall | 4 | |
| Blacksmith | 1 | |
| Arcane Sanctum | 2 | |
| Workshop | 2 | |
| Gryphon Aviary | 1 | |
| Arcane Vault | 2 | |
| Cannon Tower | 3 | |
| Castle | 2 | |
192 total
» build order
00:22 Lumber Mill
00:25 Altar of Kings
00:37 Farm
01:02 Scout Tower
01:04 Scout Tower
01:07 Scout Tower
01:31 Guard Tower
01:34 Scout Tower
01:36 Scout Tower
01:39 Guard Tower
01:44 Scout Tower
01:53 Guard Tower
01:59 Guard Tower
01:59 Guard Tower
02:00 Guard Tower
02:01 Scout Tower
02:04 Scout Tower
02:15 Guard Tower
02:18 Guard Tower
02:19 Scout Tower
02:27 Guard Tower
02:27 Guard Tower
02:28 Scout Tower
02:30 Guard Tower
02:31 Scout Tower
02:37 Scout Tower
02:44 Farm
02:46 Guard Tower
02:48 Scout Tower
02:54 Guard Tower
02:55 Guard Tower
02:57 Scout Tower
03:15 Scout Tower
03:22 Guard Tower
03:43 Scout Tower
04:01 Keep
04:01 Keep
04:03 Guard Tower
04:20 Guard Tower
04:22 Scout Tower
04:33 Scout Tower
04:54 Guard Tower
04:56 Scout Tower
05:00 Scout Tower
05:02 Scout Tower
05:04 Scout Tower
05:05 Guard Tower
05:07 Scout Tower
05:29 Guard Tower
05:31 Guard Tower
05:33 Scout Tower
05:37 Guard Tower
05:42 Town Hall
05:49 Guard Tower
05:51 Scout Tower
05:54 Scout Tower
06:05 Scout Tower
06:06 Guard Tower
06:07 Scout Tower
06:30 Keep
06:36 Guard Tower
06:39 Scout Tower
06:46 Guard Tower
06:48 Scout Tower
07:09 Scout Tower
07:10 Scout Tower
07:15 Scout Tower
07:17 Guard Tower
07:40 Guard Tower
07:43 Guard Tower
07:54 Guard Tower
08:01 Scout Tower
08:09 Scout Tower
08:15 Scout Tower
08:25 Guard Tower
08:30 Scout Tower
09:01 Guard Tower
09:05 Scout Tower
09:07 Guard Tower
09:18 Scout Tower
09:57 Guard Tower
10:16 Guard Tower
10:17 Scout Tower
10:20 Guard Tower
10:27 Scout Tower
10:54 Blacksmith
10:56 Arcane Sanctum
11:03 Guard Tower
11:04 Scout Tower
11:19 Guard Tower
11:28 Scout Tower
11:33 Scout Tower
11:34 Guard Tower
11:34 Guard Tower
11:55 Guard Tower
11:57 Scout Tower
12:23 Workshop
12:29 Workshop
13:16 Arcane Sanctum
13:22 Gryphon Aviary
13:25 Farm
13:26 Farm
13:29 Farm
13:33 Scout Tower
13:35 Scout Tower
13:38 Guard Tower
13:40 Scout Tower
14:02 Guard Tower
14:06 Scout Tower
14:07 Scout Tower
14:16 Farm
14:25 Guard Tower
14:32 Scout Tower
14:35 Guard Tower
14:36 Guard Tower
14:37 Scout Tower
14:57 Arcane Vault
14:59 Guard Tower
15:00 Scout Tower
15:10 Guard Tower
15:11 Scout Tower
15:29 Guard Tower
15:30 Scout Tower
15:40 Guard Tower
16:02 Farm
16:12 Guard Tower
16:13 Arcane Vault
16:16 Scout Tower
16:45 Guard Tower
16:46 Scout Tower
17:20 Cannon Tower
17:20 Cannon Tower
17:22 Scout Tower
17:52 Guard Tower
18:04 Guard Tower
18:18 Scout Tower
19:39 Guard Tower
19:40 Scout Tower
20:16 Guard Tower
20:18 Scout Tower
20:21 Scout Tower
20:50 Guard Tower
20:50 Scout Tower
20:53 Guard Tower
21:04 Scout Tower
21:13 Farm
21:16 Castle
21:16 Castle
21:18 Farm
21:22 Cannon Tower
21:24 Scout Tower
21:29 Guard Tower
21:29 Guard Tower
21:31 Guard Tower
21:32 Scout Tower
22:00 Guard Tower
22:34 Scout Tower
23:09 Guard Tower
23:10 Scout Tower
23:12 Scout Tower
24:07 Scout Tower
24:08 Scout Tower
24:08 Scout Tower
24:09 Scout Tower
24:50 Guard Tower
24:54 Scout Tower
24:55 Scout Tower
25:22 Guard Tower
25:38 Guard Tower
27:25 Guard Tower
28:26 Scout Tower
28:45 Town Hall
29:13 Town Hall
38:58 Town Hall
44:04 Scout Tower
44:08 Scout Tower
44:27 Guard Tower
44:38 Guard Tower
44:40 Guard Tower
44:46 Scout Tower
45:46 Guard Tower
45:47 Guard Tower
45:49 Scout Tower
45:53 Scout Tower
47:01 Guard Tower
47:02 Guard Tower
47:58 Scout Tower
48:24 Guard Tower
» items
| Boots of Speed | 1 | |
| Potion of Invisibility | 1 | |
| Staff of Teleportation | 1 | |
| Potion of Lesser Invulnerability | 1 | |
| Ivory Tower | 6 | |
| Scroll of Regeneration | 3 | |
| Scroll of Town Portal | 3 | |
16 total
team 2 (loser)
Angry-Elves (
orange | 21 APM | 3474 actions | 167:33)
6 Mountain King
3 Storm Bolt
2 Bash
1 Avatar
5 Paladin
3 Holy Light
2 Divine Shield
» actions
| Assign group hotkey | 38 | |
| Basic commands | 11 | |
| Build / train | 91 | |
| ESC pressed | 6 | |
| Enter build submenu | 31 | |
| Enter hero's abilities submenu | 11 | |
| Give item / drop item | 1 | |
| Right click | 1577 | |
| Select / deselect | 871 | |
| Select group hotkey | 622 | |
| Use ability | 215 | |
3474 total
» units
| Peasant | 9 | |
| Footman | 11 | |
| Mortar Team | 5 | |
| Spell Breaker | 2 | |
| Priest | 3 | |
| Sorceress | 2 | |
| Knight | 3 | |
| Siege Engine | 12 | |
| Dragonhawk Rider | 8 | |
55 total
» upgrades
| Defend | 1 | |
| Plating | 1 | |
| Swords | 2 | |
| Flare | 1 | |
| Fragmentation Shards | 1 | |
| Animal War Training | 1 | |
| Priest Training | 1 | |
| Barrage | 1 | |
| Gunpowder | 3 | |
| Armor | 1 | |
| Cloud | 1 | |
14 total
» buildings
| Farm | 13 | |
| Altar of Kings | 1 | |
| Barracks | 2 | |
| Arcane Vault | 1 | |
| Scout Tower | 2 | |
| Arcane Tower | 1 | |
| Blacksmith | 1 | |
| Lumber Mill | 2 | |
| Guard Tower | 1 | |
| Keep | 3 | |
| Workshop | 2 | |
| Arcane Sanctum | 1 | |
| Castle | 1 | |
| Town Hall | 2 | |
| Gryphon Aviary | 2 | |
35 total
» build order
00:09 Farm
00:13 Altar of Kings
00:20 Barracks
00:54 Farm
01:36 Farm
02:22 Arcane Vault
02:27 Farm
03:12 Scout Tower
03:16 Scout Tower
04:02 Arcane Tower
04:05 Barracks
04:15 Blacksmith
04:41 Lumber Mill
05:35 Guard Tower
06:11 Keep
06:12 Keep
06:12 Keep
07:02 Farm
08:36 Workshop
09:19 Farm
09:28 Farm
10:09 Arcane Sanctum
10:15 Farm
10:20 Farm
10:23 Farm
10:27 Castle
16:23 Farm
17:01 Workshop
18:14 Farm
18:17 Farm
19:48 Town Hall
21:41 Lumber Mill
29:21 Gryphon Aviary
30:02 Gryphon Aviary
43:27 Town Hall
» items
PuRe_BeAsT_MoDe (
teal | 33 APM | 5500 actions | 167:33)
6 Priestess of the Moon
2 Searing Arrows
3 Trueshot Aura
1 Starfall
» actions
| Assign group hotkey | 84 | |
| Basic commands | 284 | |
| Build / train | 84 | |
| Enter build submenu | 27 | |
| Enter hero's abilities submenu | 6 | |
| Give item / drop item | 4 | |
| Right click | 2234 | |
| Select / deselect | 557 | |
| Select group hotkey | 2150 | |
| Use ability | 68 | |
5500 total
» units
| Wisp | 19 | |
| Huntress | 4 | |
| Chimaera | 18 | |
| Hippogryph | 12 | |
| Harpy Windwitch | 1 | |
54 total
» upgrades
| Strength of the Wild | 4 | |
| Ultravision | 1 | |
| Reinforced Hides | 3 | |
| Corrosive Breath | 1 | |
9 total
» buildings
| Altar of Elders | 1 | |
| Moon Well | 8 | |
| Hunter's Hall | 1 | |
| Ancient of War | 2 | |
| Tree of Ages | 4 | |
| Tree of Life | 4 | |
| Tree of Eternity | 3 | |
| Ancient of Wind | 2 | |
| Chimaera Roost | 3 | |
| Ancient Protector | 2 | |
30 total
» build order
00:09 Altar of Elders
00:20 Moon Well
01:17 Hunter's Hall
01:49 Ancient of War
02:05 Moon Well
02:38 Moon Well
03:58 Ancient of War
04:33 Tree of Ages
04:33 Tree of Ages
04:57 Moon Well
06:11 Moon Well
06:56 Tree of Life
07:48 Tree of Eternity
07:48 Tree of Eternity
07:48 Tree of Eternity
08:23 Ancient of Wind
09:40 Moon Well
10:12 Chimaera Roost
10:15 Chimaera Roost
11:01 Moon Well
11:05 Chimaera Roost
15:58 Ancient of Wind
24:13 Moon Well
25:05 Tree of Life
27:37 Tree of Ages
29:06 Tree of Life
45:28 Tree of Life
47:43 Ancient Protector
47:47 Ancient Protector
» items
| Scroll of Town Portal | 1 | |
| Dust of Appearance | 1 | |
| Periapt of Vitality | 1 | |
| Staff of Teleportation | 1 | |
| Potion of Lesser Invulnerability | 1 | |
5 total

»
y.thANK.u (
purple | 27 APM | 3196 actions | 119:22)
8 Blademaster
3 Wind Walk
3 Critical Strike
1 Bladestorm
1 Mirror Image
» actions
| Assign group hotkey | 22 | |
| Basic commands | 55 | |
| Build / train | 64 | |
| ESC pressed | 5 | |
| Enter build submenu | 36 | |
| Enter hero's abilities submenu | 10 | |
| Give item / drop item | 1 | |
| Right click | 1647 | |
| Select / deselect | 521 | |
| Select group hotkey | 676 | |
| Use ability | 159 | |
3196 total
» units
» upgrades
| Ranged Weapons | 3 | |
| Liquid Fire | 1 | |
| Reinforced Defenses | 1 | |
5 total
» buildings
| Altar of Storms | 1 | |
| Orc Burrow | 6 | |
| War Mill | 1 | |
| Voodoo Lounge | 1 | |
| Stronghold | 2 | |
| Beastiary | 2 | |
| Fortress | 1 | |
| Watch Tower | 16 | |
30 total
» build order
00:05 Altar of Storms
00:13 Orc Burrow
00:46 War Mill
01:42 Orc Burrow
01:51 Voodoo Lounge
02:31 Stronghold
02:31 Stronghold
02:51 Orc Burrow
02:53 Orc Burrow
04:05 Orc Burrow
04:54 Beastiary
04:55 Beastiary
05:33 Fortress
10:35 Orc Burrow
20:46 Watch Tower
21:18 Watch Tower
21:20 Watch Tower
21:22 Watch Tower
22:38 Watch Tower
22:39 Watch Tower
22:40 Watch Tower
23:03 Watch Tower
23:08 Watch Tower
78:33 Watch Tower
78:36 Watch Tower
78:38 Watch Tower
78:55 Watch Tower
78:58 Watch Tower
79:09 Watch Tower
80:45 Watch Tower
» items
| Lesser Clarity Potion | 3 | |
| Healing Salve | 2 | |
| Potion of Lesser Invulnerability | 1 | |
| Scroll of Healing | 2 | |
| Scroll of Town Portal | 1 | |
| Staff of Teleportation | 1 | |
| Orb of Lightning | 1 | |
11 total
Chat log
(05:23 / All) Angry-Elves: nice
(05:26 / All) o[1]o: ty
(05:29 / All) o[1]o: :P
(05:34 / All) o[1]o: thought i missed
(05:35 / All) o[1]o: too
(06:29 / Allies) KTRON: i need wood
(06:33 / Allies) KTRON: the bm keeps killing my wisps
(08:06 / Allies) KTRON: wood
(09:10 / Allies) KTRON: i forreal need wood
(40:39 / Allies) KTRON: gold now
(43:02 / Allies) KTRON: i have no gold
(43:03 / Allies) KTRON: at all
(44:53 / Allies) KTRON: if i uproot my trees, can i TP them lol
(45:02 / Allies) KTRON: :(
(45:04 / Allies) KTRON: i feel bad
(45:08 / Allies) KTRON: :(
(47:17 / All) Angry-Elves: btw gaiest game ive ever played
(47:23 / All) Angry-Elves: and u fgts lost, rofl
(47:23 / All) o[1]o: its about to get gayer
(49:26 / Allies) o[1]o: brb
(49:30 / Allies) KTRON: dlkfjdklfjg
(51:23 / Allies) o[1]o: we have to worry about 5 dhawks
(51:24 / Allies) o[1]o: and one chim
(51:34 / Allies) KTRON: theres no more gold on the map?
(51:38 / Allies) o[1]o: yep
(51:41 / Allies) KTRON: were fine
(51:49 / Allies) o[1]o: hot key my dhawks im smoking
(51:54 / Allies) KTRON: wtf no
(55:01 / Allies) KTRON: WTF IS CHRIS
(55:30 / Allies) KTRON: hm
(55:31 / Allies) KTRON: where are they
(61:08 / All) Angry-Elves: you guys are unreal...
(61:12 / All) Angry-Elves: just fucking leave
(61:21 / All) Angry-Elves: you havent tried attacking once all game
(61:26 / All) y.thANK.u: accept the loss
(61:27 / All) Angry-Elves: fucking homos
(61:30 / All) Angry-Elves: LOL
(61:39 / All) PuRe_BeAsT_MoDe: lets play all night
(61:40 / All) Angry-Elves: by loss u mean, we fucking raped you faggots?
(61:55 / All) y.thANK.u: ya u fucker
(61:56 / All) Bloodnamed: nah we just want to see how long you're willing to stay for a "win"
(62:05 / Allies) Bloodnamed: have fun camping out all night
(62:06 / All) PuRe_BeAsT_MoDe: all night man
(62:09 / All) Bloodnamed: k
(62:10 / All) PuRe_BeAsT_MoDe: i got no life
(62:15 / Allies) KTRON: forreal....wtf happened to chris
(62:17 / All) Angry-Elves: lawl, even if we all afk u cant win
(62:18 / Allies) KTRON: hes not coming back
(62:21 / Allies) o[1]o: hi
(62:25 / Allies) KTRON: JESUS
(62:27 / Allies) KTRON: THANK GOD
(62:28 / All) Angry-Elves: you have no units
(62:33 / All) o[1]o: we dont?
(62:37 / All) Angry-Elves: but some shit air that will get rapped fast
(62:49 / All) Angry-Elves: come prove me wrong, homo
(62:52 / All) o[1]o: rapped?
(62:55 / All) o[1]o: like 2pac?
(63:02 / All) Angry-Elves: RAPPED
(63:10 / All) Angry-Elves: like me banging your lil sister
(63:21 / All) o[1]o: lolumad
(63:25 / All) o[1]o: ?
(64:27 / Allies) o[1]o: lol we're good
(64:29 / Allies) o[1]o: theres no way
(64:32 / Allies) o[1]o: they can win now
(64:38 / Allies) KTRON: but neither can we
(64:41 / Allies) KTRON: unless they attack us
(64:45 / Allies) o[1]o: lol yea
(64:47 / Allies) o[1]o: they will
(64:52 / Allies) KTRON: they havent even seen the perch i dont think
(64:58 / Allies) KTRON: i think my warden accidentally attacked a bat
(65:04 / Allies) KTRON: but since then they havent said anything
(65:06 / Allies) KTRON: or come back
(65:08 / All) o[1]o: find that last building!
(65:11 / All) o[1]o: find it!
(65:12 / Allies) KTRON: we got flared though
(65:19 / Allies) KTRON: so they know we're up here
(65:21 / Allies) KTRON: dunno
(65:24 / Allies) o[1]o: o rly?
(65:28 / Allies) KTRON: i mean
(65:29 / All) Angry-Elves: are u new, we see all youre shit
(65:34 / Allies) KTRON: there was a giant flame
(65:36 / Allies) KTRON: that appeared
(65:50 / All) o[1]o: o :[ i was afk smoking and taking a shit
(65:58 / Allies) KTRON: lol
(66:16 / All) o[1]o: were u intently staring at the computer hoping for a victory screen?
(67:01 / All) Angry-Elves: so does your tower the mid field, get rapped by oppents and hide like a faggot strat usually work?
(67:13 / All) o[1]o: actually statistically
(67:14 / All) o[1]o: yes
(67:25 / All) Angry-Elves: statistically, youre a faggot
(67:27 / All) o[1]o: about 12/13 of my perches have resulted in victory
(67:32 / All) KTRON: its true
(67:35 / All) KTRON: you can watch the replays
(67:50 / All) Angry-Elves: lawl, highly doubt it
(67:52 / All) o[1]o: i'm glad this strategy is having such a dire effect on you
(67:53 / All) KTRON: lol?
(67:56 / All) o[1]o: :)
(67:59 / All) Bloodnamed: the point being we don't do this shit unless we've got time to spend
(68:05 / All) o[1]o: wc3 is serious business
(68:14 / All) KTRON: http://highper.ch youll find our names on the replays
(68:21 / All) o[1]o: :)
(68:26 / All) Angry-Elves: for sucking the most cock in record time?
(68:31 / All) o[1]o: lolumad?
(68:33 / All) Angry-Elves: grats
(68:38 / All) KTRON: hesmad
(68:41 / All) o[1]o: ohemad
(68:48 / Allies) KTRON: somad
(68:48 / All) o[1]o: :)
(68:50 / All) KTRON: somad
(68:52 / All) o[1]o: somad
(68:52 / All) Angry-Elves: yeah, faggots like you annoy me
(68:57 / All) o[1]o: a n n o y e d
(69:02 / All) o[1]o: l i c k m y t o e s
(69:04 / All) KTRON: were f a g g o t s
(69:10 / All) o[1]o: f a g g o t s
(69:22 / All) Angry-Elves: at leats you know it
(69:23 / All) KTRON: im so o f f e n d e d
(69:29 / All) Angry-Elves: u should be
(69:35 / All) o[1]o: g a s p
(69:35 / Allies) KTRON: hessomad
(69:39 / All) o[1]o: somad
(69:41 / All) KTRON: somad
(70:25 / All) o[1]o: lol trina these guys play with ever_made
(70:35 / Allies) KTRON: that was in all chat
(70:37 / All) o[1]o: im dissapointed in ever_made, he left to play with these clowns?
(70:38 / Allies) KTRON: good job
(70:50 / All) KTRON: NOW THEY KNOW MY NAME DAMNIT
(71:17 / Allies) KTRON: so are you guys gonna leave me
(71:24 / Allies) KTRON: cuz i can stay up
(71:32 / Allies) Bloodnamed: maybe to go jack it for a bit :\
(71:46 / Allies) Bloodnamed: fuck me
(71:48 / Allies) Bloodnamed: I'm pink
(71:52 / Allies) o[1]o: lol
(71:53 / All) KTRON: why dont they just attack us, they know where we are apparently
(71:56 / Allies) o[1]o: btw eric if u g2g
(71:59 / Allies) o[1]o: just leave ur comp on
(72:06 / Allies) o[1]o: leaving boosts their morale
(72:09 / Allies) Bloodnamed: I want to porn it up
(72:13 / Allies) o[1]o: ._.
(72:14 / All) y.thANK.u: where are you
(72:16 / Allies) o[1]o: dammit eric
(72:19 / Allies) o[1]o: hold off a night
(72:25 / Allies) Bloodnamed: fuck you man
(72:28 / Allies) KTRON: lol they dont know where we are
(72:29 / Allies) Bloodnamed: 5 months
(72:35 / Allies) Bloodnamed: same exactly schedule as my roomate
(72:46 / Allies) Bloodnamed: I deserve a week's straight of jacking ff
(72:48 / Allies) Bloodnamed: off*
(72:58 / All) KTRON: well your friend told us he could see all our buildings :(
(73:15 / All) Angry-Elves: hard not to when you dont have a base and i have flares
(73:24 / All) KTRON: then talk to your teammate cuz hes out of it
(73:24 / All) o[1]o: o we have a base
(73:26 / All) y.thANK.u: what is flares?
(73:38 / All) y.thANK.u: all i know is W and right click
(73:45 / All) y.thANK.u: ?
(74:06 / Allies) o[1]o: afk for a sec
(74:09 / Allies) KTRON: ....
(74:10 / Allies) KTRON: chris
(74:12 / Allies) KTRON: ._.
(74:16 / Allies) KTRON: i cant control your shit
(74:18 / Allies) Bloodnamed: afk too
(74:21 / Allies) KTRON: and blood is masturbating
(74:22 / Allies) KTRON: WTF
(74:40 / Allies) Bloodnamed: I'm just gonna get my laptop
(74:44 / Allies) Bloodnamed: I'll be here with you guys...
(74:46 / Allies) KTRON: ...........
(75:33 / Allies) Bloodnamed: I swear even if I'm about to cum I'll drop my cock and start popping hotkeys like a rock
(75:39 / Allies) KTRON: LOL
(75:51 / Allies) Bloodnamed: spew jizz all over my keyboard as I'm raping nubs
(75:58 / Allies) KTRON: rofl ewww
(76:02 / Allies) Bloodnamed: lol
(76:06 / Allies) Bloodnamed: you know you want some :)
(76:18 / Allies) KTRON: lol
(76:39 / Allies) Bloodnamed: gurls can't resist the cock-sauce :P
(77:07 / Allies) Bloodnamed: trina stopped talking :(
(77:11 / Allies) Bloodnamed: I go too far?
(77:39 / Allies) KTRON: lol im on the phone with chris
(77:43 / Allies) Bloodnamed: dammit
(78:00 / Allies) KTRON: well hes smoking so i can yell at him if something starts happening
(78:22 / Allies) Bloodnamed: lol I can't even imagine what it would be like to know chris -.-
(78:30 / Allies) KTRON: haha
(78:59 / Allies) Bloodnamed: he should do you doggy style over the keyboard while raping noobs :P
(79:07 / Allies) Bloodnamed: kinky eh?
(79:16 / Allies) KTRON: ewww
(79:34 / Allies) Bloodnamed: ew?
(79:41 / Allies) KTRON: lol...
(79:45 / Allies) Bloodnamed: I thought it was pretty hawt :(
(79:50 / Allies) KTRON: haha
(80:15 / Allies) Bloodnamed: lol mind if I ask a personal question?
(80:31 / Allies) KTRON: lol lets see the question
(80:53 / Allies) Bloodnamed: more often than not, does he do you, or do you do him?
(81:09 / Allies) KTRON: what?
(81:20 / Allies) KTRON: lol
(81:21 / Allies) KTRON: oh
(81:24 / Allies) KTRON: lol chris.
(81:27 / Allies) Bloodnamed: I suppose a better phrased question is who works harder :)
(81:50 / Allies) Bloodnamed: or was it just that one time ._.
(82:05 / Allies) KTRON: i answered!
(82:12 / Allies) Bloodnamed: oh lol
(82:43 / Allies) Bloodnamed: lol if you want we can do a truth for truth style game
(82:48 / Allies) Bloodnamed: I ask you something you ask me something
(84:32 / Allies) KTRON: hey sorry
(84:38 / Allies) KTRON: talking to chris
(84:40 / Allies) KTRON: bleh
(84:41 / Allies) Bloodnamed: lol
(84:45 / Allies) KTRON: i wish they would just attack
(84:57 / Allies) Bloodnamed: they won't
(85:19 / Allies) Bloodnamed: I can micro my wurms well enough
(85:27 / Allies) Bloodnamed: that if they bring their chims and hawks up
(85:32 / Allies) Bloodnamed: they'll lose all of them
(85:46 / Allies) Bloodnamed: i've got the DK aura
(86:04 / Allies) KTRON: man if they dont attack
(86:07 / Allies) KTRON: this wont end
(86:23 / Allies) Bloodnamed: rofl
(86:25 / Allies) Bloodnamed: probably not
(86:29 / Allies) Bloodnamed: they'll just go to sleep
(86:35 / Allies) Bloodnamed: and wake up and think they're hot shit
(86:54 / Allies) KTRON: me and chris doodooed on people that went to sleep one time
(87:05 / Allies) KTRON: took out all their buildings
(87:28 / Allies) Bloodnamed: lol chris bootch and I did one
(87:30 / Allies) Bloodnamed: k
(91:41 / Allies) Bloodnamed: aww man, I've got such a boner right now :\
(91:59 / Allies) KTRON: i mean....
(92:00 / Allies) KTRON: whack it?
(92:13 / Allies) Bloodnamed: I don't know... I'm afraid to now
(92:21 / Allies) KTRON: why
(92:23 / Allies) KTRON: lol
(92:46 / Allies) Bloodnamed: um I think 2x a day for the last week is finally catching up with me
(92:58 / Allies) KTRON: wow thats a lot
(93:02 / Allies) KTRON: brb
(93:06 / Allies) Bloodnamed: k
(97:01 / Allies) KTRON: k
(97:11 / Allies) Bloodnamed: wb
(97:14 / Allies) Bloodnamed: they flared us
(97:19 / Allies) KTRON: really?
(97:22 / Allies) Bloodnamed: yep
(97:27 / Allies) KTRON: lol
(97:31 / Allies) KTRON: chris is coming back
(97:33 / Allies) Bloodnamed: and my cock has never been this hard before
(97:38 / Allies) KTRON: we wanted to try to kill their dragonhawks
(97:40 / Allies) Bloodnamed: better get back fucking soon
(97:42 / Allies) KTRON: .........................
(98:05 / Allies) Bloodnamed: I'm afraid I'm going to have a heart attack
(98:06 / Allies) Bloodnamed: common
(98:21 / Allies) Bloodnamed: well not really
(98:24 / Allies) KTRON: you should sleep naked
(98:36 / Allies) Bloodnamed: why?
(98:41 / Allies) KTRON: just cuz.
(98:47 / Allies) Bloodnamed: cuz it'd be hot?
(98:49 / Allies) KTRON: its relaxing
(98:52 / Allies) Bloodnamed: oh
(98:58 / Allies) o[1]o: look
(99:02 / Allies) o[1]o: 2 chims
(99:07 / Allies) Bloodnamed: 3 bats
(99:08 / Allies) o[1]o: 5 dhawks
(99:10 / Allies) o[1]o: 3 bats
(99:11 / Allies) Bloodnamed: they flared us
(99:12 / Allies) Bloodnamed: btw
(99:13 / Allies) o[1]o: and a harpy
(99:16 / Allies) Bloodnamed: and I have ice for my wurms
(99:23 / Allies) KTRON: can we just go kill their air
(99:38 / Allies) o[1]o: meh
(99:42 / Allies) Bloodnamed: thats a lot of tank though
(99:42 / Allies) o[1]o: we're safer till they hit
(99:44 / Allies) o[1]o: tbh
(99:47 / Allies) o[1]o: thats rough
(99:54 / Allies) o[1]o: even with perfect micro we'd suffer losses
(100:09 / Allies) Bloodnamed: w/e
(100:13 / Allies) KTRON: they call us pussies for hiding out...like theyre doing any different
(100:15 / Allies) Bloodnamed: I have my dk visible for aura
(100:22 / Allies) Bloodnamed: do they ever?
(100:27 / Allies) Bloodnamed: dammit
(100:28 / Allies) Bloodnamed: pussy
(100:42 / Allies) KTRON: ok eric, go...relieve yourself
(100:52 / Allies) Bloodnamed: :D
(100:58 / Allies) KTRON: lol
(101:00 / Allies) Bloodnamed: seriously
(101:05 / Allies) Bloodnamed: normally I'm like
(101:28 / Allies) Bloodnamed: (,;)lllllllllllllllllD
(101:48 / Allies) Bloodnamed: now I'm like (,;)llllllllllllllllllllllllllD
(101:55 / Allies) KTRON: so go
(101:55 / Allies) Bloodnamed: fuckin weird
(102:11 / Allies) KTRON: chris?
(102:16 / Allies) o[1]o: yo
(102:40 / Allies) Bloodnamed: too bad we couldn't fuck with them using blizzard
(102:48 / Allies) Bloodnamed: cuz someone spent all our fucking money
(103:01 / Allies) o[1]o: actually
(103:03 / Allies) o[1]o: we could
(103:23 / Allies) Bloodnamed: does fan of knives affect ancients?
(103:27 / Allies) o[1]o: no
(103:28 / Allies) o[1]o: :[
(103:37 / Allies) Bloodnamed: do they have any stuns there?
(103:43 / Allies) KTRON: mk
(103:44 / Allies) o[1]o: mountain king
(103:47 / Allies) Bloodnamed: lame
(103:48 / Allies) o[1]o: and lvl 7 bm
(103:50 / Allies) o[1]o: way too dangerous
(103:57 / Allies) o[1]o: unless we attack with blizz from the ledge
(104:01 / Allies) Bloodnamed: fuck
(104:05 / Allies) KTRON: ooo
(104:05 / Allies) Bloodnamed: we didn't even get fan anyways
(104:16 / Allies) Bloodnamed: that's what I was thinking
(105:21 / Allies) o[1]o: lol yea but imo
(105:31 / Allies) o[1]o: this is a "wait it out" scenario
(106:09 / Allies) Bloodnamed: no bm there
(106:09 / Allies) o[1]o: o wow LOL
(106:10 / Allies) o[1]o: brt
(106:36 / Allies) KTRON: fresh
(106:41 / Allies) Bloodnamed: no
(106:44 / Allies) Bloodnamed: xp
(106:56 / Allies) Bloodnamed: bm not moving
(107:06 / Allies) Bloodnamed: just take as much as you can
(107:12 / Allies) KTRON: im letting chris do it
(107:28 / Allies) Bloodnamed: almost nighttime
(107:30 / Allies) KTRON: keep flaring
(107:38 / Allies) Bloodnamed: flare on cd now
(107:42 / Allies) o[1]o: shitttttttttt
(109:10 / Allies) o[1]o: almost looks like an afk
(109:15 / Allies) KTRON: it has to be...
(109:18 / Allies) o[1]o: wont be fooled tho
(109:33 / Allies) o[1]o: nope
(109:35 / Allies) o[1]o: we just got flared
(110:58 / Allies) KTRON: kill the shop if anythin
(111:44 / Allies) o[1]o: yea run it
(111:46 / Allies) o[1]o: thats exp
(111:59 / Allies) o[1]o: jsut straight run it
(112:05 / Allies) o[1]o: time limit
(114:22 / Allies) o[1]o: frosties here
(114:25 / Allies) o[1]o: and dotts
(114:28 / Allies) o[1]o: put them here
(114:34 / Allies) o[1]o: for when a dumass potm comes
(115:49 / Allies) o[1]o: GO
(115:51 / Allies) o[1]o: GOGOGOGO
(116:23 / All) o[1]o: peace
(116:30 / All) o[1]o: tricked LOL
(118:21 / Allies) KTRON: we can use the dotts
(118:22 / Allies) KTRON: not just the garh
(118:24 / Allies) KTRON: garg
(118:25 / Allies) o[1]o: yea
(118:30 / Allies) o[1]o: go ahead and clear this base
(118:35 / Allies) o[1]o: keep an eye
(119:05 / All) o[1]o: worth it?
(119:12 / All) o[1]o: lol?
(119:17 / All) y.thANK.u: i been afk whole time so sure
(119:21 / All) y.thANK.u: ask urself that
(119:25 / All) KTRON: LEAVE
(119:27 / All) KTRON: LOSERS
(119:28 / All) o[1]o: peace
(119:30 / All) o[1]o: faggots
(119:40 / All) KTRON: go to http
(119:46 / Allies) KTRON: highper.ch
(119:50 / All) KTRON: highper.ch
(119:51 / Allies) o[1]o: wait
(119:52 / Allies) o[1]o: eric
(119:53 / Allies) o[1]o: stay here
(119:54 / All) KTRON: and please
(119:54 / Allies) o[1]o: stay here
(119:56 / Allies) o[1]o: stay here
(119:58 / All) KTRON: educate yourself
(120:43 / Allies) o[1]o: yea
(120:45 / Allies) o[1]o: outta gold
(121:39 / Allies) KTRON: kill all their buildings
(121:40 / Allies) KTRON: its gg
(121:47 / Allies) o[1]o: easier said
(121:49 / Allies) o[1]o: than done
(121:55 / Allies) KTRON: lol no more bm
(121:56 / Allies) KTRON: rofl
(122:01 / Allies) KTRON: and their starfall is gone
(122:15 / Allies) KTRON: we can crap on their towers
(122:20 / Allies) o[1]o: take out that base
(122:26 / Allies) o[1]o: im getting his heroes down
(122:37 / Allies) o[1]o: trina stop
(122:43 / Allies) KTRON: ?
(122:47 / Allies) KTRON: oh
(122:48 / Allies) KTRON: the warden
(122:50 / Allies) KTRON: sorry
(122:50 / Allies) o[1]o: im getting erics heroes
(122:51 / Allies) o[1]o: down
(123:47 / Allies) o[1]o: they're coming
(123:50 / Allies) o[1]o: to our base
(123:51 / Allies) o[1]o: retreat
(123:52 / Allies) o[1]o: to base
(123:53 / Allies) o[1]o: now
(124:02 / Allies) o[1]o: intercept
(124:03 / Allies) o[1]o: actually
(124:05 / Allies) o[1]o: intercept
(124:06 / Allies) o[1]o: now
(124:43 / Allies) o[1]o: WTF
(125:05 / Allies) o[1]o: k back up
(125:13 / Allies) o[1]o: and trian
(125:16 / Allies) o[1]o: deselect ur hero
(125:20 / Allies) o[1]o: cause u made us miss
(125:22 / Allies) o[1]o: another kill
(125:26 / Allies) KTRON: sorry
(125:42 / Allies) o[1]o: yea go finish
(125:48 / All) KTRON: lol i like how we're the pussies for hiding and now you guys are just pathetic
(126:05 / Allies) KTRON: i dont want my warden alone
(126:06 / Allies) KTRON: ever.
(126:17 / Allies) o[1]o: it has blink
(126:18 / Allies) Bloodnamed: get lich down plz
(126:43 / Allies) o[1]o: eric
(126:45 / Allies) o[1]o: pass me the tele staff
(127:28 / Allies) o[1]o: eric
(127:29 / Allies) o[1]o: careful
(127:32 / Allies) Bloodnamed: yeah
(128:09 / Allies) Bloodnamed: ...
(128:10 / Allies) o[1]o: wow
(128:15 / Allies) KTRON: what
(128:25 / Allies) o[1]o: idid that
(128:28 / Allies) o[1]o: by accident
(128:43 / Allies) KTRON: ?
(128:45 / Allies) o[1]o: huh?
(128:49 / Allies) Bloodnamed: hit them from the left
(128:52 / Allies) Bloodnamed: grapple the bats
(128:55 / Allies) o[1]o: k
(128:59 / Allies) o[1]o: nah
(129:00 / Allies) o[1]o: actually
(129:02 / Allies) o[1]o: hrm
(129:12 / Allies) Bloodnamed: the warden should be able to blink around
(129:14 / Allies) Bloodnamed: and SS stuff
(129:35 / Allies) o[1]o: honestly
(129:37 / Allies) KTRON: the mk rapes me
(129:38 / Allies) o[1]o: we should be patient
(129:41 / Allies) o[1]o: thats a kinda wreckless
(129:42 / Allies) o[1]o: approach
(129:47 / Allies) Bloodnamed: true
(129:48 / Allies) o[1]o: use wardens ult
(129:49 / Allies) o[1]o: to harass
(129:54 / Allies) o[1]o: weaken some towers
(129:59 / Allies) o[1]o: draw them out possibly
(130:02 / Allies) o[1]o: my main concern
(130:03 / Allies) o[1]o: is the tanks
(130:12 / Allies) o[1]o: meet here
(130:31 / Allies) Bloodnamed: yay for riding a stiffy to victory
(130:39 / Allies) KTRON: wow
(130:43 / Allies) KTRON: you shoulda whacked it
(130:54 / Allies) o[1]o: k
(130:55 / Allies) o[1]o: hold
(130:58 / Allies) Bloodnamed: insufficient bloodflow to head
(131:00 / Allies) Bloodnamed: lol
(131:12 / Allies) Bloodnamed: lich armor
(131:13 / Allies) Bloodnamed: noob
(131:14 / Allies) KTRON: theyre moving
(131:40 / Allies) KTRON: theyre trying to find us
(131:42 / Allies) Bloodnamed: they're repping it
(131:42 / Allies) KTRON: keep flaring
(131:49 / Allies) Bloodnamed: cd
(131:58 / Allies) KTRON: no i mean, they keep flaring
(132:11 / Allies) o[1]o: i saw
(132:16 / Allies) o[1]o: i say*
(132:21 / Allies) o[1]o: charge those towers @ the top
(132:25 / Allies) o[1]o: back out
(132:27 / Allies) Bloodnamed: no
(132:28 / Allies) o[1]o: trina
(132:33 / Allies) o[1]o: ur job
(132:38 / Allies) o[1]o: would be focusing the dhawks
(132:44 / Allies) o[1]o: eric
(132:46 / Allies) KTRON: with my dotts?
(132:48 / Allies) o[1]o: ur frosties
(132:49 / Allies) o[1]o: yes
(132:54 / Allies) o[1]o: eric ur frosts would go in first
(132:56 / Allies) Bloodnamed: the problem is the d hawks
(132:57 / Allies) o[1]o: they're tank status
(132:57 / Allies) Bloodnamed: no
(132:58 / Allies) o[1]o: and u can heal
(133:02 / Allies) Bloodnamed: let's do ranged shit on them first
(133:04 / Allies) KTRON: i need to pee
(133:06 / Allies) o[1]o: as well as disable
(133:08 / Allies) o[1]o: with ice
(133:11 / Allies) o[1]o: its solid
(133:12 / Allies) KTRON: can i go
(133:16 / Allies) o[1]o: yeS!
(133:17 / Allies) o[1]o: hurry up
(133:20 / Allies) KTRON: lol brb
(133:28 / Allies) o[1]o: i mean look
(133:29 / Allies) Bloodnamed: tanks are a problem
(133:30 / Allies) o[1]o: thos tanks
(133:33 / Allies) Bloodnamed: not gonna be easy
(133:34 / Allies) o[1]o: are shittly placed
(133:37 / Allies) o[1]o: we can merc on those towers
(133:39 / Allies) o[1]o: and back out
(133:45 / Allies) o[1]o: then do an all out ground attack
(133:46 / Allies) o[1]o: with dotts
(133:48 / Allies) o[1]o: and our heroes
(133:48 / Allies) Bloodnamed: archmage woulda been awesome
(134:05 / Allies) Bloodnamed: i needed death and decay
(134:13 / Allies) Bloodnamed: here
(134:15 / Allies) o[1]o: were fine
(134:16 / Allies) o[1]o: we're going to
(134:17 / Allies) Bloodnamed: someone flare that for me
(134:17 / Allies) o[1]o: armor up
(134:19 / Allies) o[1]o: the frosts
(134:33 / Allies) o[1]o: nonoono
(134:39 / Allies) o[1]o: can't do shit
(134:40 / Allies) o[1]o: from there
(134:42 / Allies) o[1]o: w/o dnd
(134:44 / Allies) KTRON: hi
(134:48 / Allies) o[1]o: k
(134:49 / Allies) KTRON: dude wtf is my sister
(134:49 / Allies) o[1]o: plan
(134:52 / Allies) o[1]o: listen
(134:53 / Allies) KTRON: shes still not home
(134:53 / Allies) o[1]o: ok
(134:54 / Allies) o[1]o: wait
(134:55 / Allies) o[1]o: wait
(135:00 / Allies) o[1]o: we're armoing up the frosts
(135:05 / Allies) o[1]o: taking out those orc towers
(135:08 / Allies) o[1]o: trina u focus the dhawks
(135:13 / Allies) o[1]o: i got ur hero
(135:16 / Allies) o[1]o: ill ensare the bats
(135:18 / Allies) o[1]o: if possible
(135:20 / Allies) o[1]o: ready?
(135:22 / Allies) o[1]o: frosts in first
(135:33 / Allies) o[1]o: go eric
(135:35 / Allies) o[1]o: then trina
(135:35 / Allies) KTRON: you handle my warden/
(135:38 / Allies) o[1]o: yes
(135:38 / Allies) o[1]o: go
(136:12 / Allies) o[1]o: b
(136:12 / Allies) o[1]o: b
(136:30 / Allies) KTRON: heal at well
(136:36 / Allies) KTRON: the siege sucks
(136:40 / Allies) Bloodnamed: wait
(136:42 / Allies) KTRON: we shoulda came from the left
(136:43 / Allies) Bloodnamed: dk almost 6
(136:50 / Allies) o[1]o: trina
(136:51 / Allies) o[1]o: wtf
(137:04 / Allies) Bloodnamed: 1 more
(137:07 / Allies) o[1]o: b
(137:08 / Allies) o[1]o: b
(137:08 / Allies) o[1]o: b
(137:08 / Allies) o[1]o: b
(137:17 / Allies) o[1]o: OK
(137:19 / Allies) o[1]o: i have the warden
(137:41 / Allies) o[1]o: b
(138:25 / Allies) o[1]o: trina
(138:26 / Allies) o[1]o: how bad
(138:26 / Allies) Bloodnamed: FUCK YOU
(138:27 / Allies) o[1]o: are you
(138:32 / Allies) KTRON: what
(138:45 / Allies) o[1]o: dotts
(138:46 / Allies) o[1]o: bb
(138:46 / Allies) o[1]o: b
(139:09 / Allies) o[1]o: eric run
(139:10 / Allies) o[1]o: ur stuck
(139:11 / Allies) o[1]o: down there
(139:37 / Allies) o[1]o: trina WHY would u run
(139:39 / Allies) o[1]o: dotts into tanks
(139:41 / Allies) o[1]o: liek that
(139:47 / Allies) KTRON: was going for the hawks
(139:52 / Allies) o[1]o: the ONE hawk left ._.
(140:01 / Allies) KTRON: there was more than 1 when i started ._.
(140:36 / Allies) o[1]o: the warden is pretty much invulnerable now
(140:38 / Allies) o[1]o: im mad the lich died
(140:40 / Allies) o[1]o: with all those items
(141:31 / Allies) KTRON: what
(141:33 / Allies) o[1]o: harass the towers
(141:34 / Allies) o[1]o: wyrms
(141:40 / Allies) o[1]o: wow
(141:42 / Allies) o[1]o: someoen touches
(141:44 / Allies) o[1]o: the fucking warden
(141:46 / Allies) o[1]o: one more time
(141:52 / Allies) o[1]o: it was hidden
(142:36 / Allies) o[1]o: run
(142:37 / Allies) o[1]o: eric
(142:38 / Allies) o[1]o: run
(142:42 / Allies) o[1]o: wrong way
(142:43 / Allies) KTRON: lol
(143:24 / Allies) o[1]o: i c it
(143:37 / Allies) o[1]o: we need that dhawk
(143:38 / Allies) o[1]o: dead
(143:59 / Allies) o[1]o: eric
(144:02 / Allies) o[1]o: stay back real quick
(144:42 / Allies) KTRON: peasant
(144:44 / Allies) o[1]o: no
(144:45 / Allies) o[1]o: eric wait
(144:46 / Allies) o[1]o: wait
(144:46 / Allies) o[1]o: wait
(144:47 / Allies) o[1]o: wait
(145:12 / Allies) KTRON: chris
(145:13 / Allies) KTRON: get on vent
(145:58 / Allies) o[1]o: ATTACK
(146:00 / Allies) KTRON: they rteally want to kill my warden
(146:41 / Allies) o[1]o: terrible
(146:44 / Allies) o[1]o: terribly executed
(146:53 / Allies) KTRON: chris
(146:55 / Allies) KTRON: are you on vent
(146:55 / Allies) KTRON: or what
(146:57 / Allies) KTRON: cuz this is retarded
(146:59 / Allies) o[1]o: i can't
(147:00 / Allies) o[1]o: wow
(147:02 / Allies) KTRON: were talking to each other on vent
(147:06 / Allies) KTRON: and youre not even listening
(147:59 / Allies) Bloodnamed: let me do this
(148:04 / Allies) Bloodnamed: fucking retards
(148:07 / Allies) o[1]o: :D
(148:13 / Allies) o[1]o: omw
(148:40 / Allies) o[1]o: v
(148:41 / Allies) o[1]o: b
(148:42 / Allies) o[1]o: b
(149:27 / Allies) Bloodnamed: ss his paladin
(149:32 / Allies) o[1]o: no use
(149:35 / Allies) o[1]o: he has divine shield
(149:36 / Allies) o[1]o: and he has
(149:39 / Allies) o[1]o: a greater healing pot
(149:52 / Allies) KTRON: so no more air units?
(149:53 / Allies) KTRON: for them?
(149:56 / Allies) o[1]o: nope
(149:58 / Allies) o[1]o: only tnaks
(150:09 / Allies) Bloodnamed: we need the morts
(150:32 / Allies) o[1]o: im good
(150:32 / Allies) Bloodnamed: nicely done
(150:50 / Allies) KTRON: cyclone anyone
(151:22 / Allies) o[1]o: acutally
(151:23 / Allies) o[1]o: trina
(151:26 / Allies) o[1]o: heres the plan
(151:28 / Allies) o[1]o: listen
(151:31 / Allies) o[1]o: im ulting the warden
(151:33 / Allies) o[1]o: eric
(151:36 / Allies) o[1]o: trinas ganan cyclone
(151:37 / Allies) o[1]o: the pally
(151:39 / Allies) o[1]o: and the mk
(151:44 / Allies) o[1]o: bum rush the towers
(151:47 / Allies) o[1]o: back to the well
(151:50 / Allies) o[1]o: after the towers die
(151:51 / Allies) o[1]o: k?
(151:54 / Allies) Bloodnamed: k
(151:58 / Allies) KTRON: how do i tab
(152:01 / Allies) KTRON: through units
(152:28 / Allies) o[1]o: WOW
(152:29 / Allies) o[1]o: GO
(152:30 / Allies) Bloodnamed: this plan fucking fails
(152:32 / Allies) Bloodnamed: no fuck you
(152:37 / Allies) Bloodnamed: my wurms already took too much damage
(153:02 / Allies) o[1]o: wryms
(153:03 / Allies) o[1]o: over here
(153:05 / Allies) o[1]o: after they heal
(153:14 / Allies) Bloodnamed: 3 free spirits
(153:34 / Allies) KTRON: my dotts have no mana
(153:52 / Allies) Bloodnamed: chris
(153:53 / Allies) o[1]o: k
(153:54 / Allies) o[1]o: eric
(154:00 / Allies) Bloodnamed: blink in spawn the avatar
(154:05 / Allies) o[1]o: avatar
(154:07 / Allies) o[1]o: isn't invun
(154:07 / Allies) o[1]o: bro
(154:08 / Allies) Bloodnamed: and use it to make spirits out of the peasents
(154:15 / Allies) Bloodnamed: no it isn't
(154:27 / Allies) o[1]o: when i heal
(154:29 / Allies) o[1]o: but get ur wyrms
(154:31 / Allies) o[1]o: in posi
(154:33 / Allies) o[1]o: at south end
(154:40 / Allies) o[1]o: free peasnt
(154:41 / Allies) o[1]o: take it
(155:27 / Allies) o[1]o: just go back hit
(155:27 / Allies) Bloodnamed: heal the warden up
(155:28 / Allies) o[1]o: go back hit
(155:29 / Allies) o[1]o: etc
(156:59 / Allies) o[1]o: lololol
(157:01 / Allies) Bloodnamed: lol
(157:02 / Allies) KTRON: wow sister still not home
(157:03 / Allies) Bloodnamed: w/es
(157:04 / Allies) KTRON: its like 3
(157:18 / Allies) Bloodnamed: whoa is that blood coming out my cock?
(157:24 / Allies) o[1]o: ............
(157:38 / Allies) o[1]o: treenah
(157:38 / Allies) o[1]o: lol
(157:45 / Allies) KTRON: ?
(157:48 / Allies) Bloodnamed: lol
(157:49 / Allies) o[1]o: thank god
(157:51 / Allies) o[1]o: u went warden
(157:53 / Allies) Bloodnamed: they're just letting us win
(158:02 / Allies) KTRON: isnt it gg
(158:03 / Allies) Bloodnamed: that was the hard structure to kill
(158:06 / Allies) Bloodnamed: no
(158:07 / Allies) Bloodnamed: towers
(158:44 / Allies) o[1]o: go
(158:50 / Allies) o[1]o: b
(158:51 / Allies) o[1]o: b
(159:03 / Allies) Bloodnamed: heal the warden
(159:18 / Allies) Bloodnamed: lololol
(159:30 / Allies) Bloodnamed: rofl
(159:31 / All) o[1]o: so
(159:35 / All) o[1]o: any comments on this game so far?
(159:40 / All) o[1]o: orange?
(159:43 / All) o[1]o: :)
(160:03 / All) Angry-Elves: yeah fucking partner fucked up when i was AFK by single suiciding both lv 6's...
(160:16 / Allies) Bloodnamed: awww
(160:22 / All) o[1]o: poor baby :p[
(160:43 / Allies) Bloodnamed: let me deny it :O
(161:10 / Allies) KTRON: 5 health
(161:10 / Allies) KTRON: lol
(161:17 / Allies) Bloodnamed: chris can get it with the thing
(161:18 / Allies) o[1]o: eric
(161:20 / Allies) KTRON: just need to..poke it
(161:20 / Allies) o[1]o: they're looking for u
(161:29 / Allies) Bloodnamed: lookin
(161:34 / Allies) Bloodnamed: but not findin
(162:23 / All) o[1]o: so orange
(162:28 / All) o[1]o: b
(162:37 / All) o[1]o: how do you feel
(162:42 / All) Angry-Elves: b is right u fag
(162:50 / All) KTRON: lol
(162:51 / All) KTRON: hesmad
(162:54 / All) o[1]o: oj was this a nice 2 hours spent?
(162:56 / All) o[1]o: lol
(163:01 / All) o[1]o: worth it?
(163:06 / All) Angry-Elves: u tell me, ive been afk
(163:13 / All) KTRON: so were we lol
(164:20 / Allies) o[1]o: k
(164:22 / Allies) o[1]o: i think its time
(164:24 / Allies) o[1]o: for cyclone
(164:25 / Allies) o[1]o: and bumrush
(164:31 / Allies) o[1]o: dotts here
(164:32 / Allies) o[1]o: plz
(164:36 / Allies) KTRON: theres only 1
(164:38 / Allies) KTRON: :(
(164:42 / Allies) o[1]o: -_-
(164:45 / Allies) KTRON: ._.
(164:46 / Allies) o[1]o: k
(164:49 / Allies) o[1]o: cycloning
(164:50 / Allies) o[1]o: the mk
(165:18 / Allies) o[1]o: eric
(165:20 / Allies) o[1]o: u act as if
(165:23 / Allies) o[1]o: ur shits ganna die
(165:26 / Allies) o[1]o: by time u jew those towers out
(165:28 / Allies) Bloodnamed: it will
(165:30 / Allies) o[1]o: but i guess better safe
(165:31 / Allies) Bloodnamed: dood
(165:31 / Allies) o[1]o: than sorry
(165:39 / Allies) Bloodnamed: hammer + light
(165:43 / Allies) KTRON: i still have a wisp
(165:43 / Allies) Bloodnamed: = 600 damage nuke
(165:45 / Allies) KTRON: weeeeeeeeeeeeeeeeeeeeeeeeeeee
(166:04 / Allies) KTRON: a level 9 warden would be s e x u a l
(166:12 / Allies) Bloodnamed: fuck yes
(166:13 / Allies) Bloodnamed: let's get one
(166:30 / All) KTRON: lol 1 more tower
(166:43 / All) o[1]o: any last words?
(166:48 / All) o[1]o: before i post this rep?
(166:49 / All) KTRON: and youre still a loser
(167:00 / All) o[1]o: k
(167:02 / All) o[1]o: didn't think so
(167:20 / Allies) o[1]o: go
(167:22 / Allies) o[1]o: its dead
(167:26 / All) o[1]o: all thats left
(167:27 / All) KTRON: so fucking TRASHY
(167:27 / All) o[1]o: is the clown